 Dungeon Crawl Stone Soup version 0.25.1-2-g60ff931df9 (webtiles) character file.

Game seed: 2498774023647796328

7042 Johnny the Blocker (level 10, -7/69 HPs)
             Began as a Demigod Earth Elementalist on Oct 19, 2020.
             Mangled by a crocodile (11 damage)
             ... on level 9 of the Dungeon.
             The game lasted 00:15:05 (11890 turns).

Johnny the Blocker (Demigod Earth Elementalist)    Turns: 11890, Time: 00:15:05

Health: -7/69      AC:  8    Str: 15    XL:     10   Next: 53%
Magic:  2/26       EV: 12    Int: 25    God:
Gold:   509        SH:  0    Dex: 16    Spells: 12/25 levels left

rFire    . . .     SeeInvis +   M - +7 quarterstaff "Hysot" {vorpal, *Drain rElec Str+4}
rCold    + . .     Gourm    .   (shield currently unavailable)
rNeg     . . .     Faith    .   H - +0 troll leather armour
rPois    .         Spirit   .   J - +1 helmet {SInv}
rElec    +         Reflect  .   v - +0 cloak
rCorr    .         Harm     .   q - +0 pair of gloves
MR       +....                  (no boots)
Stlth    ++........             (no amulet)
HPRegen  0.61/turn              r - ring of wizardry
MPRegen  0.20/turn              K - ring of protection from cold

@: very slightly contaminated
A: high mp 1
a: no special abilities


You were on level 9 of the Dungeon.
You were near starving.

You visited 2 branches of the dungeon, and saw 10 of its levels.
You also visited: Ossuary and Bailey.

You collected 824 gold pieces.
You spent 315 gold pieces at shops.

Inventory:

Hand Weapons
 z - a +1 dagger of venom
 A - a +1 hand axe of holy wrath
 M - the +7 quarterstaff "Hysot" (weapon) {vorpal, *Drain rElec Str+4}
   (You found it on level 6 of the Dungeon)

   It inflicts extra damage upon your enemies.
   It affects your strength (+4).
   It insulates you from electricity.
   It causes draining when unequipped.
Missiles
 b - 102 stones (quivered)
Armour
 e - a +2 kite shield
 q - a +0 pair of gloves (worn)
 v - a +0 cloak (worn)
 H - a +0 troll leather armour (worn)
 J - a +1 helmet of see invisible (worn)
Jewellery
 c - a cursed +6 ring of dexterity {unknown}
 r - a ring of wizardry (left hand)
 y - an uncursed ring of positive energy
 K - a ring of protection from cold (right hand)
 Q - an uncursed ring of see invisible
Scrolls
 a - 4 scrolls of remove curse
 f - a scroll of acquirement {unknown}
 g - a scroll of noise
 h - a scroll of identify
 j - 2 scrolls of amnesia
 m - a scroll of fog
 n - 2 scrolls of immolation {unknown}
 p - 2 scrolls of random uselessness {unknown}
 x - 2 scrolls of teleportation
 F - a scroll of enchant armour {unknown}
 I - a scroll of fear {unknown}
 L - a scroll of silence {unknown}
 N - a scroll of summoning {unknown}
Potions
 i - 4 potions of lignification
 o - 3 potions of brilliance {unknown}
 s - 3 potions of magic {unknown}
 u - a potion of might {unknown}
 w - 2 potions of degeneration {unknown}
 B - 4 potions of haste
 C - a potion of berserk rage {unknown}
 D - 2 potions of flight {unknown}
 E - a potion of ambrosia {unknown}
 G - a potion of mutation {unknown}
 P - 2 potions of heal wounds {unknown}
 S - a potion of invisibility {unknown}
Comestibles
 d - 25 rations


   Skills:
 - Level 1.7 Dodging
 - Level 1.7 Stealth
 + Level 11.1 Shields
 + Level 8.0 Spellcasting
 - Level 0.8 Transmutations
 - Level 6.5 Earth Magic


You had 12 spell levels left.
You knew the following spells:

 Your Spells              Type           Power        Failure   Level  Hunger
a - Sandblast             Erth           #####.       1%          1    None
b - Stone Arrow           Conj/Erth      ####..       2%          3    None
c - Lee's Rapid Deconstr  Erth           #####.....   6%          5    ####...
d - Petrify               Tmut/Erth      ####....     6%          4    ##.....

Your spell library contained the following spells:

 Spells                   Type           Power        Failure   Level  Hunger
 Passwall                 Tmut/Erth      ####....     1%          2    None


Dungeon Overview and Level Annotations

Branches:
Dungeon (9/15)             Temple (1/1) D:5            Lair (0/6) D:9
    Orc (0/2) D:9         Ossuary (visited)          Bailey (visited)

Shops:
D:5 [   D:8 [

Annotations:
D:9 Psyche


Innate Abilities, Weirdness & Mutations

You have an increased reservoir of magic. (+10% MP)


Message History

Psyche casts a spell at you. The magic dart hits you.
* * * LOW HITPOINT WARNING * * *
Psyche gestures at you while chanting. The puff of flame hits you!
* * * LOW HITPOINT WARNING * * *
You feel better. Psyche casts a spell at you. The puff of flame hits you.
* * * LOW HITPOINT WARNING * * *
Unknown command.
Psyche gestures at you while chanting. The magic dart hits you.
* * * LOW HITPOINT WARNING * * *
Psyche looks satisfied for a moment.
Your surroundings suddenly seem different.
Unknown command.
The death yak bellows!
The crocodile bites you!
You die...

*,*,*,**,*,,,,,,**,,,,,+,,,,,**,*
*,*,*,**,*,,,.$.+,,*****,,,,,****
***,*,**,+,,,,..#*** *,,,,,*,,,
,,*,*,****,,,,..# *,,,,,+,**
*,*,*,* **#+*#.# *,,,,,***
,,,,*,* #.##.### *,,,,,* ###****
###.....### *,,,,,* ..#
##.........## **,,,** #'#####
##......@....##****,****
..)...###.....Y.t.....#*,,,,,,,*
......##.......>.......#,,,,,,,*
......##...P............,,,,,,,*
......##.#..P........###,,,,,,,*
.....††..##.........## *,,,,,,,**
......#######.....###***,,,,,,,**
......# *.......**,,+,,,,,,,*,
......# #.......#****,,,,,,,+,


You could see a death yak and a crocodile.

Vanquished Creatures
  Maurice (D:8)
  A hornet (D:9)
  Prince Ribbit (D:8)
  2 hippogriffs
  A spriggan (D:7)
  A wyvern (D:8)
  3 yaks (D:6)
  A water moccasin (D:8)
  10 orc warriors (Bailey)
  3 ice beasts
  2 black bears
  5 ogres
  12 centaurs
  A crocodile (D:9)
  2 big kobolds
  A gnoll sergeant (D:5)
  4 bullfrogs
  A scorpion (D:4)
  3 wights (D:8)
  3 jellies
  3 howler monkeys
  A bullfrog zombie (D:5)
  A centaur zombie (D:4)
  8 hounds
  5 orc priests
  A centaur skeleton (D:8)
  2 bullfrog skeletons
  An iguana (D:4)
  3 orc wizards (D:6)
  11 worker ants
  A big kobold zombie (Ossuary)
  A hound zombie (D:7)
  8 mummies (Ossuary)
  A howler monkey zombie (D:9)
  3 adders
  7 gnolls
  A shadow imp (D:5)
  An adder zombie (D:5)
  4 adder skeletons
  4 worms
  2 dart slugs
  5 leopard geckos
  47 orcs
  3 ball pythons
  6 giant cockroaches
  2 gnoll zombies (Ossuary)
  4 goblins
  8 hobgoblins
  4 jackals (D:4)
  5 quokkas
  A ball python zombie (D:5)
  8 bats
  4 frilled lizards
  2 hobgoblin zombies (Ossuary)
  18 kobolds
  3 orc zombies (Ossuary)
  A quokka skeleton (D:6)
  A quokka zombie (D:7)
  9 rats
258 creatures vanquished.

Vanquished Creatures (others)
  2 yaks (D:6)
  A scorpion (D:8)
  3 plants (D:4)
6 creatures vanquished.

Grand Total: 264 creatures vanquished

Notes
Turn   | Place    | Note
-------+----------+-------------------------------------------
     0 | D:1      | Johnny the Demigod Earth Elementalist began the quest for
                  | the Orb.
     0 | D:1      | Reached XP level 1. HP: 14/14 MP: 5/5
   419 | D:1      | Reached XP level 2. HP: 20/20 MP: 7/7
  1082 | D:2      | Found a sacrificial altar of Ru.
  1085 | D:2      | Reached skill level 1 in Shields
  1539 | D:2      | Reached XP level 3. HP: 17/26 MP: 4/8
  2092 | D:3      | Learned a level 3 spell: Stone Arrow
  2240 | D:3      | Reached XP level 4. HP: 33/33 MP: 7/10
  2956 | D:3      | Reached skill level 2 in Shields
  3236 | D:3      | Found a snail-covered altar of Cheibriados.
  3299 | D:3      | Noticed a black bear
  3307 | D:3      | Killed a black bear
  3307 | D:3      | Reached XP level 5. HP: 29/38 MP: 4/12
  3937 | D:4      | Noticed an ogre
  3943 | D:4      | Killed an ogre
  3943 | D:4      | Reached skill level 5 in Earth Magic
  3943 | D:4      | Reached XP level 6. HP: 20/45 MP: 7/13
  4342 | D:4      | Reached skill level 3 in Shields
  4639 | D:4      | Reached XP level 7. HP: 49/50 MP: 11/15
  5100 | D:5      | Entered Level 5 of the Dungeon
  5554 | D:5      | Found a radiant altar of Vehumet.
  6062 | D:5      | Found a staircase to the Ecumenical Temple.
  6163 | D:5      | Learned a level 5 spell: Lee's Rapid Deconstruction
  6168 | D:5      | Learned a level 4 spell: Petrify
  6209 | D:5      | Found Tyraode's Armour Shoppe.
  6211 | D:5      | Reached skill level 4 in Shields
  6218 | D:5      | Bought a +0 troll leather armour for 150 gold pieces
  6382 | Temple   | Entered the Ecumenical Temple
  6482 | D:6      | Reached XP level 8. HP: 37/57 MP: 2/17
  6592 | D:6      | Found a snail-covered altar of Cheibriados.
  6673 | D:6      | Found a sand-covered staircase.
  6692 | D:6      | Reached skill level 5 in Shields
  6868 | D:6      | Found a hazy altar of Hepliaklqana.
  6902 | D:6      | Found a hide-covered altar of Uskayaw.
  6904 | D:6      | Found a shimmering altar of Xom.
  6987 | D:6      | Got a jewelled quarterstaff
  7000 | D:6      | Found a white marble altar of Elyvilon.
  7041 | D:6      | Reached skill level 6 in Shields
  7059 | D:6      | Reached skill level 7 in Shields
  7211 | D:6      | Noticed a hippogriff
  7224 | D:6      | Killed a hippogriff
  7225 | D:6      | Reached skill level 8 in Shields
  7792 | D:6      | Found a glowing golden altar of the Shining One.
  7980 | D:5      | Bought a +1 helmet of see invisible for 165 gold pieces
  8016 | D:5      | Identified the +7 quarterstaff "Hysot" {vorpal, *Drain
                  | rElec Str+4} (You found it on level 6 of the Dungeon)
  8066 | D:7      | Reached XP level 9. HP: 59/62 MP: 18/18
  8247 | D:7      | Reached skill level 9 in Shields
  8247 | D:7      | Reached skill level 5 in Spellcasting
  8513 | D:7      | Found a sand-covered staircase.
  8517 | Ossuary  | Entered an ossuary
  9148 | D:8      | Noticed Maurice
  9160 | D:8      | Killed Maurice
  9352 | D:8      | Found Ummig's Antique Armour Emporium.
  9434 | D:8      | Noticed Prince Ribbit
  9438 | D:8      | Killed Prince Ribbit
  9445 | D:8      | Reached skill level 10 in Shields
  9650 | D:8      | Reached XP level 10. HP: 61/69 MP: 23/23
 10443 | D:9      | Found a flagged portal.
 10451 | Bailey   | Entered a bailey
 11411 | Bailey   | Reached skill level 11 in Shields
 11864 | D:9      | Found a staircase to the Lair.
 11865 | D:9      | Noticed a death yak
 11876 | D:9      | Noticed Psyche
 11885 | D:9      | HP: 3/69 [Psyche/puff of flame (10)]
 11890 | D:9      | Mangled by a crocodile

Illustrated notes

Levels and vault maps discovered:
D:1:      sevenhm_arrival_forest_fort_small_3, layout_basic
D:2:      layout_loops_ring, nicolae_ru_awakened_eye
D:3:      layout_basic, first_ration, lemuel_statue_altar
D:4:      layout_basic, serial_bayou_lake_a
D:5:      layout_loops_ring, old_standard_altar,
          minmay_temple_entry_glassed_door, serial_shops, nicolae_shop_trees
D:6:      layout_loops_corners, nicolae_tso_swordbearing_angel,
          nicolae_overflow_hidden_temple, minitemple, kennysheep_mini,
          enter_ossuary_2, portal_sewer_entry_b
D:7:      layout_rooms, enter_ossuary_5, the_bakery
D:8:      layout_basic, serial_shops, shop, minmay_diced_spiral, uniq_maurice,
          uniq_prince_ribbit1
D:9:      layout_roguey, david_lair_generic, zombieorc1_lemuel, enter_bailey_2,
          st_stairs_12, minivault_23, uniq_psyche
Temple:   cyrus_circular_temple

Skill      XL: |  1  2  3  4  5  6  7  8  9 10 |
---------------+-------------------------------+-----
Earth Magic    | 3 4 5 6 |  6.5
Spellcasting   | 2 3 4 6 8 |  8.0
Shields        | 1 2 3 4 8 10 11 | 11.1
Dodging        | |  1.7
Stealth        | |  1.7
Transmutations | |  0.8

Action                   |  1- 3 |  4- 6 |  7- 9 | 10-12 || total
-------------------------+-------+-------+-------+-------++-------
Melee: Unarmed           |     4 |       |       |       ||     4
       Dagger            |    94 |    41 |   129 |       ||   264
       Falchion          |       |    21 |       |       ||    21
       Quarterstaff      |       |       |   113 |    52 ||   165
 Cast: Sandblast         |    29 |    59 |    74 |    13 ||   175
       Stone Arrow       |       |    14 |    31 |    32 ||    77
       Lee's Rapid Decon |       |       |    16 |    16 ||    32
       Petrify           |       |       |       |     7 ||     7
Evoke: Wand              |       |       |    11 |    12 ||    23
  Use: Potion            |       |     2 |       |     3 ||     5
       Scroll            |       |       |     9 |     5 ||    14
 Stab: Sleeping          |     6 |     4 |     5 |       ||    15
       Petrified         |       |       |       |    17 ||    17
  Eat: Chunk             |     4 |     9 |    15 |     9 ||    37
       Ration            |       |       |     2 |       ||     2
Armor: Robe              |    19 |    20 |    13 |       ||    52
       Skin              |       |     2 |       |     5 ||     7
       Troll leather arm |       |       |    90 |    24 ||   114
Dodge: Dodged            |    72 |    50 |   204 |    58 ||   384
       Rpst.: Falchion   |       |     4 |       |       ||     4
